 Dungeon Crawl Stone Soup version 0.31-a0-836-g3ceb0a68c4 (webtiles) character file.

Game seed: 935733761829639974

967 bobo the Vexing (level 7, -6/36 HPs)
             Began as a Spriggan Hexslinger on Sept 26, 2023.
             Mangled by an iguana (12 damage)
             ... on level 5 of the Dungeon.
             The game lasted 00:12:57 (3927 turns).

bobo the Vexing (Spriggan Hexslinger)               Turns: 3927, Time: 00:12:57

Health: -6/36      AC:  2    Str:  4    XL:     7   Next: 93%
Magic:  9/14       EV: 20    Int: 15    God:
Gold:   273        SH:  0    Dex: 19    Spells: 6/14 levels left

rFire   . . .        a - +1 sling
rCold   . . .        (no shield)
rNeg    . . .        c - +0 robe
rPois   .            (helmet restricted)
rElec   .            (no cloak)
rCorr   .            (gloves unavailable)
SInv    +            (boots unavailable)
Will    .....        (no amulet)
Stlth   ++           (no ring)
HPRegen 0.26/turn    (no ring)
MPRegen 0.14/turn

%: no passive effects
@: about to teleport, weak-willed, very quick
A: very small, no large weapons, unfitting armour, see invisible, speed 3
a: no special abilities


You were on level 5 of the Dungeon.
You visited 1 branch of the dungeon, and saw 5 of its levels.

You collected 273 gold pieces.

Inventory:

Hand Weapons
 a - a +1 sling (weapon)
 g - a +2 dagger of speed
Armour
 c - a +0 robe (worn)
Jewellery
 f - a +6 ring of strength
 i - a ring of magical power
Scrolls
 b - a scroll of amnesia
 d - a scroll of noise {unknown}
 h - a scroll of teleportation
 l - 2 scrolls of enchant armour {unknown}
 m - a scroll of immolation {unknown}
 p - 2 scrolls of vulnerability {unknown}
 q - a scroll of butterflies {unknown}
 s - a scroll of torment {unknown}
 t - a scroll of fear {unknown}
 v - 2 scrolls of identify
Potions
 e - 5 potions of curing
 j - a potion of invisibility {unknown}
 k - a potion of might {unknown}
 n - a potion of attraction {unknown}
 o - 2 potions of lignification {unknown}
 r - a potion of brilliance {unknown}
 u - a potion of berserk rage {unknown}


   Skills:
 + Level 3.0 Fighting
 * Level 5.6 Ranged Weapons
 + Level 5.5 Dodging
 + Level 4.3 Spellcasting
 + Level 5.6 Hexes
 + Level 1.0 Fire Magic


You had 6 spell levels left.
You knew the following spells:

 Your Spells              Type           Power      Damage    Failure   Level
a - Jinxbite              Hex            40%        N/A       2%          2
e - Inner Flame           Hex/Fire       13%        N/A       13%         3
s - Sigil of Binding      Hex            20%        N/A       4%          3

Your spell library contained the following spells:

 Spells                   Type           Power      Damage    Failure   Level
 Cause Fear               Hex            10%        N/A       17%         4
 Call Canine Familiar     Summ           3%         N/A       45%         3
 Ozocubu's Armour         Ice            3%         N/A       45%         3
 Dimensional Bullseye     Hex/Tloc       5%         N/A       50%         4
 Leda's Liquefaction      Hex/Erth       5%         N/A       50%         4
 Ozocubu's Refrigeration  Ice            1%         4d7       100%        7


Dungeon Overview and Level Annotations

Branches:
Dungeon (5/15)
 Temple: D:4-7

Altars:
Hepliaklqana
Nemelex Xobeh
Trog
Zin

Shops:
D:1 [   D:3 [


Innate Abilities, Weirdness & Mutations

You are very small and have problems with some larger weapons.
You are too small for most types of armour.
You have supernaturally acute eyesight. (SInv)
You cover ground extremely quickly. (Speed+++)


Message History

The phantom is severely damaged.
The phantom seems less drained.
The iguana misses you. The phantom misses you.
You shoot a sling bullet. The sling bullet hits the phantom.
The phantom is almost destroyed.
The iguana closely misses you. The phantom completely misses you.
You shoot a sling bullet.
The sling bullet barely misses the phantom.
The iguana completely misses you. The phantom hits you.
The phantom blinks!
You blink.
Found 10 gold pieces and 2 large rocks.
You shoot a sling bullet.
The sling bullet hits the phantom but does no damage.
The phantom is almost destroyed.
The phantom hits you.
You shoot a sling bullet.
The sling bullet barely misses the phantom.
The phantom hits you.
Casting: Sigil of Binding (dangerous; 5% risk of failure)
Confirm with . or Enter, or press ? or * to list all spells.
Your binding sigil disappears. x2
You inscribe a pair of binding sigils nearby!
The phantom hits you but does no damage.
You shoot a sling bullet.
The sling bullet hits the iguana but does no damage.
The iguana is heavily wounded.
The iguana barely misses you. The phantom completely misses you.
The iguana bites you. The phantom misses you.
You shoot a sling bullet. The sling bullet hits the phantom.
You destroy the phantom!
The iguana bites you.
Your Fighting skill increases to level 3!
Your Fire Magic skill increases to level 1!
You shoot a sling bullet.
The sling bullet closely misses the iguana.
The iguana bites you!
* * * LOW HITPOINT WARNING * * *
Okay, then.
Unknown command.
As you read the scroll of teleportation, it crumbles to dust.
You feel strangely unstable. The iguana bites you!
You die...

.#.#########..###..
..........##.## ##.
###.###.....#.###..
#............#...
#...(............
#...#.....######. #
#...#.....# #.
#..###...#####.. #.
#$.^.@l...... ..(
#. ..(..###^..####
. ### #...# . .>..#
# ....# #####


You could see an iguana.

Vanquished Creatures
  Edmund (D:4)
  2 black bears (D:4)
  3 phantoms
  2 scorpions (D:4)
  2 jellies (D:4)
  An orc priest (D:4)
  A sleepcap (D:4)
  2 iguanas (D:4)
  6 adders
  A shadow imp (D:5)
  2 worms
  3 dart slugs
  7 orcs
  9 ball pythons
  9 endoplasms
  5 giant cockroaches
  14 goblins
  8 hobgoblins
  13 jackals
  7 kobolds
  4 quokkas
  4 bats
  4 frilled lizards
  4 rats
114 creatures vanquished.

Notes
Turn   | Place    | Note
-------+----------+-------------------------------------------
     0 | D:1      | bobo the Spriggan Hexslinger began the quest for the Orb.
     0 | D:1      | Reached XP level 1. HP: 9/9 MP: 3/3
   125 | D:1      | Found Wakliug's Antique Armour Shoppe.
   311 | D:1      | Reached XP level 2. HP: 14/14 MP: 5/5
   327 | D:1      | Learned a level 2 spell: Jinxbite
   358 | D:1      | Reached skill level 1 in Fighting
   905 | D:1      | Reached XP level 3. HP: 18/18 MP: 3/6
  1138 | D:2      | Found a sparkling altar of Nemelex Xobeh.
  1155 | D:2      | Learned a level 3 spell: Sigil of Binding
  1490 | D:2      | Reached XP level 4. HP: 22/22 MP: 5/8
  1971 | D:3      | Noticed an angel
  1972 | D:3      | Found a glowing silver altar of Zin.
  2119 | D:3      | Found a sparkling altar of Nemelex Xobeh.
  2436 | D:3      | Found Kudew's Armour Shoppe.
  2567 | D:4      | Reached XP level 5. HP: 26/26 MP: 9/9
  2664 | D:4      | Noticed a black bear
  2672 | D:4      | Killed a black bear
  2684 | D:4      | Reached XP level 6. HP: 30/30 MP: 6/11
  2809 | D:4      | Reached skill level 5 in Hexes
  2973 | D:4      | Reached XP level 7. HP: 35/35 MP: 7/13
  3056 | D:4      | Reached skill level 5 in Ranged Weapons
  3056 | D:4      | Reached skill level 5 in Dodging
  3468 | D:4      | Found a hazy altar of Hepliaklqana.
  3477 | D:4      | Found a bloodstained altar of Trog.
  3500 | D:4      | Noticed Edmund
  3608 | D:4      | Killed Edmund
  3705 | D:4      | Learned a level 3 spell: Inner Flame
  3726 | D:5      | Entered Level 5 of the Dungeon
  3926 | D:5      | Reached skill level 1 in Fire Magic
  3927 | D:5      | Mangled by an iguana

Illustrated notes

Levels and vault maps discovered:
D:1:      evilmike_arrival_hilbert_curve, layout_basic, serial_shops, shop
D:2:      layout_rooms, basic_altar
D:3:      layout_basic, zin_angel, lemuel_coloured_pillars_altar, serial_shops,
          shop, amcnicky_mini_rare_corridor_liquid
D:4:      layout_rooms, mainiacjoe_overflow_swirl, nzn_random_ring, uniq_edmund
D:5:      cheibrodos_quashed, layout_loops_ring

Skill      XL: |  1  2  3  4  5  6  7 |
---------------+----------------------+-----
Fighting       | 1 2 3 |  3.0
Dodging        | 3 4 5 |  5.5
Spellcasting   | 2 3 4 |  4.3
Hexes          | 4 5 |  5.6
Ranged Weapons | 3 4 5 |  5.6
Fire Magic     | 1 |  1.0

Action                     |  1- 3 |  4- 6 |  7- 9 || total
---------------------------+-------+-------+-------++-------
   Fire: Sling             |   102 |   128 |   124 ||   354
   Cast: Jinxbite          |    10 |    13 |    14 ||    37
         Sigil of Binding  |       |     8 |     7 ||    15
    Use: Scroll            |       |     2 |     4 ||     6
 Armour: Robe              |     6 |    15 |    19 ||    40
  Dodge: Dodged            |    24 |    47 |    42 ||   113

Table legend: (Time is in decaauts)
 A = Elapsed time spent in this place.
 B = Non-inter-level travel time spent in this place.
 C = Inter-level travel time spent in this place.
 D = Time resting spent in this place.
 E = Time spent auto-exploring this place.
 F = Levels seen in this place.
 G = Mean time per level.
                   A        B        C        D        E       F      G
               +--------+--------+--------+--------+--------+-----+--------+
         Total |   2949 |   2865 |     84 |     78 |   2097 |   5 |  589.8 |
       Dungeon |   2949 |   2865 |     84 |     78 |   2097 |   5 |  589.8 |
               +--------+--------+--------+--------+--------+-----+--------+

Top non-repeatable levels by time:
     D:4: 978 daAuts
     D:1: 781 daAuts
     D:3: 539 daAuts
     D:2: 471 daAuts
     D:5: 179 daAuts
